 Dungeon Sprint DCSS version 0.22-a0-96-g7cd46d36cf (webtiles) character file.

6269 Repeat the Fencer (level 10, -30/85 HPs)
             Began as a Demonspawn Berserker on Jan 25, 2018.
             Was the Champion of Trog.
             Hit by a large rock thrown by a stone giant (45 damage)
             ... in the Dungeon (Sprint IX: "|||||||||||||||||||||||||||||").
             The game lasted 00:03:57 (1664 turns).

Repeat the Fencer (Demonspawn Berserker)            Turns: 1664, Time: 00:03:58

Health: -30/85     AC: 16    Str: 18    XL:     10   Next: 62%
Magic:  10/10      EV: 13    Int: 12    God:    Trog [******]
Gold:   10         SH:  0    Dex: 19    Spells: 9/9 levels left

rFire    + . .     SeeInvis .   w - +3 great sword (drain)
rCold    . . .     Gourm    .   (shield currently unavailable)
rNeg     . . .     Faith    .   o - +1 chain mail
rPois    .         Spirit   .   n - +0 helmet
rElec    .         Reflect  .   m - +0 cloak
rCorr    .         Harm     .   x - +0 pair of gloves
MR       ++...     NoTele   +   (boots unavailable)
Stlth    +++.......             (no amulet)
HPRegen  1.24/turn              p - +3 ring of intelligence
MPRegen  0.12/turn              q - +2 ring of evasion

@: berserk cooldown, starving, regenerating, slowed, very slow
A: talons 3, thin skeletal structure 2, fire resistance 1, nightstalker 1, spiny
1
a: Berserk, Trog's Hand, Brothers in Arms, Burn Spellbooks, Renounce Religion


You were in the Dungeon.
You worshipped Trog.
Trog was exalted by your worship.
You were starving.

You visited 1 branch You collected 10 gold pieces.

Inventory:

Hand Weapons
 a - a +0 falchion
 w - a +3 great sword of draining (weapon)
Armour
 m - a +0 cloak (worn)
 n - a +0 helmet (worn)
 o - a +1 chain mail (worn)
 x - a +0 pair of gloves (worn)
Jewellery
 p - a +3 ring of intelligence (left hand)
 q - a +2 ring of evasion (right hand)
Wands
 l - a wand of iceblast (10)
 y - a wand of acid (5)
Scrolls
 i - a scroll of blinking
 k - 4 scrolls of remove curse
 t - 2 scrolls of enchant weapon
 u - a scroll of fear
 v - 2 scrolls of identify
Potions
 d - 4 potions of curing
 e - 6 potions of heal wounds
 f - a potion of haste
 g - 4 potions of magic
 h - 2 potions of berserk rage
 j - a potion of invisibility
 r - a potion of brilliance
 s - a potion of might
Comestibles
 c - 12 rations


   Skills:
 + Level 10.2 Fighting
 + Level 17.3 Long Blades
 + Level 8.1 Armour
 + Level 6.0 Dodging
 + Level 8.1 Stealth


You had 9 spell levels left.
You didn't know any spells.

Dungeon Overview and Level Annotations

Branches:
Dungeon (1/1)

Altars:
Cheibriados
Dithmenos
Elyvilon
Fedhas
Gozag
Hepliaklqana
Kikubaaqudgha
Makhleb
Nemelex Xobeh
Okawaru
Qazlal
Ru
Sif Muna
Trog
Uskayaw
Vehumet
Wu Jian
Xom
Yredelemnul
Zin
The Shining One
Beogh
Jiyva
Lugonu


Innate Abilities, Weirdness & Mutations

You have claws for feet.
You have a moderately thin skeletal structure. (Dex +4, Stealth+)
Your flesh is heat resistant. (rF+)
You are slightly more attuned to the shadows.
You are partially covered in sharp spines.


Message History

Trog grants you a weapon!
The orc wizard casts a spell.
The orc wizard seems to speed up.
The stone giant throws a large rock.
The large rock closely misses you.
An orc warrior comes into view. It is wielding a flail.
Your skin crawls.
You feel resistant to hostile enchantments.
You feel somewhat more hungry.
The orc wizard casts a spell.
The orc wizard flickers and vanishes!
Deactivating autopickup; reactivate with Ctrl-A.
The stone giant throws a large rock.
The large rock hits you!!!
Ouch! That really hurt!
* * * LOW HITPOINT WARNING * * *
Unknown command.
Your cyclops goes berserk!
You are starving!
The stone giant throws a large rock.
The large rock hits you!!!
Ouch! That really hurt!
You die...

▓▓▓▓▓▓▓▓▓▓▓▓▓▓▓▓▓▓▓▓▓▓▓
...........)()C$@)Co{$o
▓▓▓▓▓▓▓▓▓▓▓▓▓▓▓▓▓▓▓▓▓▓▓▓▓▓▓▓▓▓▓▓▓
.................................
▓▓▓▓▓▓▓▓▓▓▓▓▓▓▓▓▓▓▓▓▓▓▓▓▓▓▓▓▓▓▓▓▓
.....'.....)}[.†.†)'÷.......)'÷..
▓▓▓▓▓▓▓▓▓▓▓▓▓▓▓▓▓▓▓▓▓▓▓▓▓▓▓▓▓▓▓▓▓
.................................
▓▓▓▓▓▓▓▓▓▓▓▓▓▓▓▓▓▓▓▓▓▓▓▓▓▓▓▓▓▓▓▓▓
..).)...'.....'__________________


You could see a stone giant, 2 orc warriors and a friendly cyclops (berserk).

Vanquished Creatures
  Josephine (D)
  Joseph (D)
  3 spiny frogs (D)
  A komodo dragon (D)
  A kobold demonologist (D)
  A troll (D)
  A slime creature (D)
  A dream sheep (D)
  2 blink frogs (D)
  A yak (D)
  4 wraiths (D)
  3 wargs (D)
  A hell hound (D)
  An orc warrior (D)
  2 porcupines (D)
  4 wolves (D)
  5 crocodiles (D)
  3 bullfrogs (D)
  2 scorpions (D)
  A killer bee (D)
  A wight (D)
  4 crimson imps (D)
  A hound (D)
  2 orc priests (D)
  An orc wizard (D)
  A worker ant (D)
  A gnoll (D)
  A shadow imp (D)
  2 adder skeletons (D)
  A dart slug (D)
  5 orcs (D)
  A bat (D)
  2 goblins (D)
  A leopard gecko skeleton (D)
63 creatures vanquished.

Notes
Turn   | Place    | Note
-------+----------+-------------------------------------------
     0 | D        | Repeat the Demonspawn Berserker began the quest for the Orb.
     0 | D        | Reached XP level 1. HP: 18/18 MP: 1/1
     5 | D        | Reached skill level 3 in Long Blades
     9 | D        | Reached skill level 4 in Long Blades
    12 | D        | Reached ** piety under Trog
    16 | D        | Reached skill level 5 in Long Blades
    16 | D        | Gained mutation: You have sharp toenails. [demonic ancestry]
    16 | D        | Reached XP level 2. HP: 2/24 MP: 2/2
   285 | D        | Noticed a crimson imp
   285 | D        | Noticed a crimson imp
   289 | D        | Killed a crimson imp
   289 | D        | Reached skill level 7 in Long Blades
   289 | D        | Gained mutation: You have razor-sharp toenails. [demonic ancestry]
   289 | D        | Reached XP level 3. HP: 29/29 MP: 3/3
   293 | D        | Reached *** piety under Trog
   296 | D        | Reached skill level 8 in Long Blades
   296 | D        | Gained mutation: You have claws for feet. [demonic ancestry]
   296 | D        | Reached XP level 4. HP: 35/35 MP: 4/4
   298 | D        | Reached skill level 9 in Long Blades
   300 | D        | Reached **** piety under Trog
   307 | D        | Found a roughly hewn altar of Beogh.
   307 | D        | Found a snail-covered altar of Cheibriados.
   307 | D        | Found a shadowy altar of Dithmenos.
   307 | D        | Found a white marble altar of Elyvilon.
   307 | D        | Found a blossoming altar of Fedhas.
   307 | D        | Found an opulent altar of Gozag.
   308 | D        | Found a hazy altar of Hepliaklqana.
   309 | D        | Found a viscous altar of Jiyva.
   310 | D        | Found an ancient bone altar of Kikubaaqudgha.
   311 | D        | Found a corrupted altar of Lugonu.
   312 | D        | Found a burning altar of Makhleb.
   313 | D        | Found a sparkling altar of Nemelex Xobeh.
   314 | D        | Found an iron altar of Okawaru.
   315 | D        | Found a stormy altar of Qazlal.
   316 | D        | Found a sacrificial altar of Ru.
   317 | D        | Found a deep blue altar of Sif Muna.
   318 | D        | Found a bloodstained altar of Trog.
   319 | D        | Found a hide-covered altar of Uskayaw.
   320 | D        | Found a radiant altar of Vehumet.
   321 | D        | Found an ornate altar of the Wu Jian Council.
   322 | D        | Found a shimmering altar of Xom.
   323 | D        | Found a basalt altar of Yredelemnul.
   324 | D        | Found a glowing silver altar of Zin.
   325 | D        | Found a glowing golden altar of the Shining One.
   419 | D        | Noticed a troll
   423 | D        | Reached skill level 10 in Long Blades
   423 | D        | Gained mutation: You are slightly more attuned to the shadows. [demonic ancestry]
   423 | D        | Reached XP level 5. HP: 41/41 MP: 5/5
   427 | D        | Reached skill level 11 in Long Blades
   430 | D        | Gained mutation: You are partially covered in sharp spines. [demonic ancestry]
   430 | D        | Reached XP level 6. HP: 47/47 MP: 6/6
   433 | D        | Reached skill level 12 in Long Blades
   439 | D        | Killed a troll
   439 | D        | Reached ***** piety under Trog
   439 | D        | Reached skill level 13 in Long Blades
   439 | D        | Gained mutation: You have a somewhat thin skeletal structure. (Dex +2, Stealth) [demonic ancestry]
   439 | D        | Reached XP level 7. HP: 44/52 MP: 7/7
   592 | D        | Noticed a kobold demonologist
   594 | D        | Noticed a slime creature
   595 | D        | Reached skill level 1 in Stealth
   599 | D        | Noticed a hellwing
   613 | D        | Killed a kobold demonologist
   613 | D        | Reached skill level 14 in Long Blades
   619 | D        | Killed a slime creature
   619 | D        | Reached skill level 5 in Fighting
   619 | D        | Reached XP level 8. HP: 63/63 MP: 8/8
   621 | D        | Reached ****** piety under Trog
   764 | D        | Noticed a blink frog
   767 | D        | Received a gift from Trog
   768 | D        | Noticed a spiny frog
   777 | D        | Killed a blink frog
   779 | D        | Reached skill level 5 in Stealth
   785 | D        | Killed a spiny frog
   785 | D        | Reached skill level 15 in Long Blades
   788 | D        | Gained mutation: Your flesh is heat resistant. (rF+) [demonic ancestry]
   788 | D        | Reached XP level 9. HP: 57/72 MP: 9/9
   940 | D        | Noticed a spiny frog
   940 | D        | Noticed a komodo dragon
   947 | D        | Killed a spiny frog
   947 | D        | Received a gift from Trog
   947 | D        | Reached skill level 5 in Armour
   948 | D        | Noticed a spiny frog
   959 | D        | Killed a komodo dragon
   959 | D        | Reached skill level 5 in Dodging
   970 | D        | Killed a spiny frog
   970 | D        | Reached skill level 16 in Long Blades
   970 | D        | HP: 3/75 [poisoned by a spiny frog]
   989 | D        | Received a gift from Trog
  1214 | D        | Gained mutation: You have a moderately thin skeletal structure. (Dex +4, Stealth+) [demonic ancestry]
  1214 | D        | Reached XP level 10. HP: 83/83 MP: 10/10
  1216 | D        | Received a gift from Trog
  1285 | D        | Noticed Josephine
  1303 | D        | Killed Josephine
  1310 | D        | Received a gift from Trog
  1310 | D        | Reached skill level 10 in Fighting
  1310 | D        | Reached skill level 17 in Long Blades
  1389 | D        | Noticed Joseph
  1403 | D        | Killed Joseph
  1646 | D        | Received a gift from Trog
  1659 | D        | Noticed a stone giant
  1662 | D        | Received a gift from Trog
  1664 | D        | Hit by a large rock thrown by a stone giant

Vault maps used:
D:        linesprint

Skill      XL: |  1  2  3  4  5  6  7  8  9 10 |
---------------+-------------------------------+-----
Long Blades    | 5 7 8 10 11 13 14 15 16 17 | 17.3
Armour         | 3 4 6 8 |  8.1
Dodging        | 3 4 5 6 |  6.0
Stealth        | 3 5 7 8 |  8.1
Fighting       | 5 7 9 10 | 10.2

Action                   |  1- 3 |  4- 6 |  7- 9 | 10-12 || total
-------------------------+-------+-------+-------+-------++-------
Melee: Falchion          |    22 |    22 |    87 |       ||   131
       Kick              |       |     8 |    33 |    26 ||    67
       Great sword       |       |       |     4 |    62 ||    66
Invok: Berserk           |     2 |     1 |     4 |     1 ||     8
       Trog's Hand       |       |       |     1 |     1 ||     2
       Brothers in Arms  |       |       |       |     1 ||     1
  Use: Potion            |       |       |     2 |       ||     2
       Scroll            |       |       |     1 |       ||     1
  Eat: Chunk             |       |       |     7 |     1 ||     8
Armor: Animal skin       |     3 |     1 |       |       ||     4
       Chain mail        |       |     6 |    23 |     9 ||    38
Dodge: Dodged            |     9 |     5 |    21 |    20 ||    55
       Rpst.: Falchion   |     1 |     1 |     7 |       ||     9
       Great sword       |       |       |     1 |     5 ||     6

Table legend:
 A = Spawn XP
 B = Non-spawn XP
 C = Spawn XP percentage of total XP
 D = Spawn monster count
 E = Non-spawn monster count
 F = Spawn count percentage of total count
 G = Total turns spent on level
                    A         B        C        D         E        F      G
               +---------+---------+-------+---------+---------+-------+---------
         Total |       0 |    8957 |   0.0 |       0 |      63 |   0.0 |  1664
               +---------+---------+-------+---------+---------+-------+---------
             D |       0 |    8957 |   0.0 |       0 |      63 |   0.0 |  1664
               +---------+---------+-------+---------+---------+-------+---------
